 Dungeon Crawl Stone Soup version 0.14.1-1-g650416f (webtiles) character file.

1727 MirrMurr the Covert (level 8, 0/36 HPs)
             Began as a Spriggan Enchanter on May 6, 2014.
             Was a Follower of Dithmenos.
             Slain by an orc
             ... wielding a +0,+0 mace
              (5 damage)
             ... on Level 6 of the Dungeon.
             The game lasted 00:19:54 (7555 turns).

MirrMurr the Covert (Spriggan Enchanter)            Turns: 7555, Time: 00:19:55

HP   0/36        AC  3     Str  6      XL: 8   Next: 44%
MP  15/24        EV 18     Int 17      God: Dithmenos [*.....]
Gold 298         SH  0     Dex 16      Spells:  2 memorised, 12 levels left

rFire  + . .     SeeInvis +     a - +2 dagger
rCold  + . .     Clarity  .     q - +1 robe {rC+ rF+}
rNeg   . . .     Conserve .     (shield restricted)
rPois  .         rCorr    .     (helmet restricted)
rElec  .         rRot     .     (no cloak)
SustAb . .       Spirit   .     (gloves unavailable)
rMut   .         Warding  .     (boots unavailable)
Saprov . . .     Stasis   .     (no amulet)
MR     +....                    (no ring)
                                (no ring)

@: very slightly contaminated, wreathed by umbra, very quick, somewhat resistant
to hostile enchantments, extremely stealthy
A: unfitting armour, see invisible, herbivore 3, speed 3, slow metabolism 2
a: Renounce Religion


You were on level 6 of the Dungeon.
You worshipped Dithmenos.
Dithmenos was aware of your devotion.
You were full.

You visited 1 branch of the dungeon, and saw 6 of its levels.

You collected 298 gold pieces.

Inventory:

Hand weapons
 a - a +2,+2 dagger (weapon)
 b - a +0 blowgun
 s - a +1,+2 dagger of draining
 w - a +0,+0 dagger of speed
Missiles
 d - 11 darts (quivered)
 t - 13 poisoned needles
Armour
 q - a +1 robe of resistance (worn)
Comestibles
 o - an apple
 r - 2 bread rations
Scrolls
 f - a scroll of blinking
 g - a scroll of enchant weapon I
 i - 7 scrolls of identify
 j - a scroll of remove curse
 m - a scroll of teleportation
Jewellery
 k - an uncursed amulet of faith {unknown}
Potions
 e - a potion of porridge
 h - 3 potions of curing
 l - 2 potions of haste
 n - 2 potions of poison {unknown}
 p - a potion of agility {unknown}
 u - a potion of heal wounds {unknown}
 z - a potion of brilliance {unknown}
Books
 c - a book of Maledictions

   Spells                             Type                      Level
   Corona                             Hexes                        1
   Sure Blade                         Hexes/Charms                 2
   *Ensorcelled Hibernation           Hexes/Ice                    2
   *Confuse                           Hexes                        3
   Enslavement                        Hexes                        4
   Invisibility                       Hexes                        6


   Skills:
 - Level 6.6 Short Blades
 - Level 1.1 Throwing
 - Level 3.0 Dodging
 + Level 10.9 Stealth
 + Level 5.4 Spellcasting
 * Level 5.1 Hexes


You had 12 spell levels left.
You knew the following spells:

 Your Spells              Type           Power        Failure   Level  Hunger
a - Ensorcelled Hibernat  Hex/Ice        ##....       10%         2    #......
b - Confuse               Hex            ###.....     6%          3    ###....


Dungeon Overview and Level Annotations

Branches:
Dungeon (6/15)
 Temple: D:4-7

Altars:
Dithmenos


Innate Abilities, Weirdness & Mutations

You are tiny and cannot use many weapons and most armour.
You have supernaturally acute eyesight.
You are a herbivore.
You cover ground extremely quickly.
You need consume almost no food.


Message History

Aim: an orc wizard, wielding a dagger and wearing a robe (heavily wounded, umbra)
You miscast Ensorcelled Hibernation.
You are very lightly contaminated with residual magic.
Nothing appears to happen.
The orc closely misses you. The orc misses you.
The orc wizard hits you with a dagger.
You hit the orc wizard.
The orc wizard is heavily wounded.
The orc misses you. The orc barely misses you.
Casting: Ensorcelled Hibernation
Confirm with . or Enter, or press ? or * to list all spells.
Aiming: Ensorcelled Hibernation
Press: ? - help, Shift-Dir - straight line, f/p - orc wizard
Aim: an orc wizard, wielding a dagger and wearing a robe (heavily wounded, umbra)
The orc wizard resists.
The orc wizard hits you with a dagger.
* * * LOW HITPOINT WARNING * * *
The orc hits you with a short sword.
* * * LOW HITPOINT WARNING * * *
The orc roars noisily, in orcish tradition.
The orc hits you with a mace.
You die...

#############
#...........# ###+###
#...........#
.......###.oo........#
.⌠.o.⌠.#.>.o@........#
#.......#...###########
+...⌠...'...#...#
#......§#...#.#.#####
.⌠.o.⌠.#...#.#.....#
.......##..#.#####.#
###+####.....# #.#
##+#### #.# #.#


You could see an orc wizard and 2 orcs.

Vanquished Creatures
  Grinder (D:5)
  A black bear (D:6)
  2 ogres (D:4)
  Sigmund (D:5)
  A scorpion (D:4)
  A black bear zombie (D:5)
  A giant frog zombie (D:5)
  A hound (D:4)
  5 orc priests
  An iguana (D:3)
  6 orc wizards
  4 worker ants
  A sky beast zombie (D:5)
  An ogre zombie (D:5)
  A scorpion zombie (D:5)
  8 adders
  3 gnolls (D:3)
  An inept feature mimic (D:4)
  2 iguana skeletons
  3 giant eyeballs (D:4)
  2 orc skeletons (D:5)
  7 giant geckos
  3 oozes
  22 orcs
  A ball python (D:4)
  7 bats
  2 bat skeletons
  A bat zombie (D:5)
  5 giant cockroaches
  9 goblins
  6 hobgoblins
  7 jackals
  8 kobolds
  2 quokkas
  A giant gecko zombie (D:5)
  4 giant newts
  A goblin skeleton (D:4)
  A hobgoblin zombie (D:5)
  2 kobold skeletons (D:5)
  3 orc zombies (D:5)
  11 rats
  A rat zombie (D:5)
151 creatures vanquished.

Notes
Turn   | Place    | Note
--------------------------------------------------------------
     0 | D:1      | MirrMurr, the Spriggan Enchanter, began the quest for the Orb.
     0 | D:1      | Reached XP level 1. HP: 9/9 MP: 4/4
   349 | D:1      | Reached skill level 4 in Stealth
   371 | D:1      | Reached XP level 2. HP: 13/13 MP: 7/7
   375 | D:1      | Learned a level 2 spell: Ensorcelled Hibernation
   900 | D:1      | Reached skill level 5 in Stealth
  1090 | D:1      | Reached XP level 3. HP: 13/16 MP: 9/9
  1096 | D:1      | Learned a level 3 spell: Confuse
  1922 | D:2      | Reached skill level 6 in Stealth
  2167 | D:2      | Reached XP level 4. HP: 19/21 MP: 1/12
  2708 | D:3      | Reached XP level 5. HP: 22/24 MP: 8/14
  2964 | D:3      | Reached skill level 7 in Stealth
  3989 | D:3      | Reached XP level 6. HP: 23/28 MP: 14/17
  4487 | D:4      | Reached skill level 8 in Stealth
  4648 | D:4      | Reached skill level 5 in Short Blades
  5049 | D:4      | Reached XP level 7. HP: 32/32 MP: 20/20
  5055 | D:4      | Reached skill level 9 in Stealth
  5402 | D:4      | Paralysed by a giant eyeball for 2 turns
  5426 | D:4      | Paralysed by a giant eyeball for 3 turns
  5880 | D:5      | Entered Level 5 of the Dungeon
  5915 | D:5      | Found a shadowy altar of Dithmenos.
  5935 | D:5      | Became a worshipper of Dithmenos the Shadowed
  5947 | D:5      | Noticed Grinder
  5951 | D:5      | Killed Grinder
  5951 | D:5      | Reached skill level 10 in Stealth
  6221 | D:5      | Reached XP level 8. HP: 27/36 MP: 18/23
  6379 | D:5      | Noticed Sigmund
  6382 | D:5      | Killed Sigmund
  6805 | D:5      | Reached skill level 5 in Spellcasting
  7487 | D:6      | Reached skill level 5 in Hexes
  7555 | D:6      | Slain by an orc

Action                   |  1- 3 |  4- 6 |  7- 9 || total
-------------------------+-------+-------+-------++-------
Melee: Dagger            |   185 |   204 |   236 ||   625
 Fire: Blowgun           |       |       |     7 ||     7
Throw: Dart              |     3 |     1 |       ||     4
 Cast: Ensorcelled Hiber |     5 |    38 |    38 ||    81
       Confuse           |       |     4 |    16 ||    20
  Use: Scroll            |     1 |     8 |     3 ||    12
       Potion            |     1 |     1 |       ||     2
 Stab: Sleeping          |     8 |    26 |    44 ||    78
       Confused          |       |     1 |     7 ||     8
